 Dungeon Crawl Stone Soup version 0.30-a0-393-g54b8e3be05 (webtiles) character file.

Game seed: 15740961221857521659

3471 ragingrage the Fighter (level 10, 0/78 HPs)
             Began as a Djinni Artificer on Dec 5, 2022.
             Slain by a gnoll
             ... wielding a +0 halberd
              (10 damage)
             ... in a bailey.
             The game lasted 00:12:11 (10182 turns).

ragingrage the Fighter (Djinni Artificer)          Turns: 10182, Time: 00:12:11

Health: 0/78       AC:  7    Str: 11    XL:     10   Next: 27%
Gold:   510        EV:  6    Int: 16    God:
                   SH:  0    Dex: 15

rFire   + + .      SeeInvis +    a - +2 mace (drain)
rCold   x . .      Faith    .    O - +0 buckler
rNeg    . . .      Spirit   .    x - +0 leather armour
rPois   ∞          Reflect  +    (no helmet)
rElec   .          Harm     .    o - +1 cloak {Stlth+}
rCorr   .          Rampage  .    H - +1 pair of gloves
Will    +....                    (boots unavailable)
Stlth   +++.......               Q - amulet of reflection
HPRegen 0.33/turn                E - ring of see invisible
MPRegen 0.00/turn                (no ring)

@: flying, held
A: sickness immunity, fire resistance 2, cold vulnerability 1, float, innate
caster, HP casting, extra vitality 1
a: no special abilities


You were in a bailey.
You visited 2 branches of the dungeon, and saw 10 of its levels.
You also visited: Bailey.

You collected 510 gold pieces.

Inventory:

Hand Weapons
 a - a +2 mace of draining (weapon)
 b - a +2 sling of draining
 v - a +0 scimitar
 z - a +1 dagger of venom
 M - a +2 short sword of freezing
Missiles
 k - 2 throwing nets
 u - 21 poisoned darts
 w - 3 atropa-tipped darts
Armour
 o - a +1 cloak of stealth (worn)
 x - a +0 leather armour (worn)
 H - a +1 pair of gloves (worn)
 O - a +0 buckler (worn)
Jewellery
 E - a ring of see invisible (left hand)
 Q - an amulet of reflection (around neck)
 R - a ring of protection from cold
Wands
 c - a wand of flame (13) (quivered)
 d - a wand of charming (12)
 e - a wand of iceblast (5)
 y - a wand of roots (19)
 I - a wand of acid (7)
 P - a wand of paralysis (15)
Scrolls
 f - 2 scrolls of blinking
 g - 2 scrolls of vulnerability
 h - 2 scrolls of summoning
 p - 6 scrolls of teleportation
 q - a scroll of noise {unknown}
 r - a scroll of fear {unknown}
 s - 3 scrolls of immolation
 A - a scroll of magic mapping {unknown}
 B - a scroll of silence {unknown}
 J - a scroll of enchant weapon {unknown}
 K - a scroll of amnesia {unknown}
 L - a scroll of butterflies {unknown}
Potions
 i - 2 potions of haste
 j - 2 potions of invisibility
 l - 2 potions of lignification
 m - a potion of magic
 n - a potion of berserk rage {unknown}
 t - 2 potions of resistance
 C - a potion of degeneration {unknown}
 D - a potion of might
 F - a potion of curing {unknown}
 G - 2 potions of flight
 N - a potion of attraction {unknown}


   Skills:
 + Level 9.3 Fighting
 - Level 1.0 Armour
 - Level 2.1 Dodging
 + Level 3.9 Stealth
 + Level 1.0 Shields
 + Level 6.5 Spellcasting
 - Level 5.0 Evocations


You had 13 spell levels left.
You knew the following spells:

 Your Spells              Type           Power      Damage    Failure   Level
a - Apportation           Tloc           52%        N/A       1%          1
b - Static Discharge      Conj/Air       52%        2-5/arc   2%          2
c - Vhi's Electric Charg  Tloc/Air       52%        N/A       4%          3
d - Dazzling Flash        Conj/Hex       52%        N/A       4%          3
Your spell library was empty.

Dungeon Overview and Level Annotations

Branches:
Dungeon (9/15)             Temple (1/1) D:6          Bailey (1/1)
   Lair: D:8-11         Orc: D:9-12

Altars:
Cheibriados
Elyvilon
Fedhas
Gozag
Hepliaklqana
Okawaru
Qazlal
Trog
Uskayaw
Wu Jian
Yredelemnul
Zin
The Shining One
Ignis

Shops:
D:7 (

Annotations:
D:6 1 runed translucent door, sirJeffrey23's ghost, novice DrFE
D:8 exclusion: 2 lemures


Innate Abilities, Weirdness & Mutations

You are immune to sickness and miasma.
You are immune to poison.
Your flesh is very heat resistant. (rF++)
You are vulnerable to cold. (rC-)
You float through the air rather than walking.
You learn spells naturally, not from books.
Your magical power is your life essence.
You have superior vitality. (+4 MHP)


Message History

Casting: Static Discharge (safe; 2% risk of failure)
Confirm with . or Enter, or press ? or * to list all spells.
The hound is struck by an arc of lightning.
You kill the hound!
The gnoll is struck by an arc of lightning.
The gnoll is moderately wounded.
The lightning grounds out.
The hound is struck by an arc of lightning.
The hound is heavily wounded.
The gnoll is struck by an arc of lightning.
The gnoll is severely wounded.
The hound is struck by an arc of lightning.
The hound is severely wounded.
The gnoll is struck by an arc of lightning.
You kill the gnoll!
The lightning grounds out.
You block the hound's attack.
The gnoll hits you from afar with a +0 halberd.
The hound misses you.
The gnoll hits you from afar with a +0 halberd!
Casting: Static Discharge (safe; 2% risk of failure)
Confirm with . or Enter, or press ? or * to list all spells.
The hound is struck by an arc of lightning.
You kill the hound!
You are struck by an arc of lightning.
The gnoll closely misses you. x2
Your Shields skill increases to level 1!
The gnoll throws a throwing net.
The throwing net hits you.
You become entangled in the net!
The gnoll hits you from afar with a +0 halberd.
You see here a throwing net.
You struggle against the net.
The gnoll hits you from afar with a +0 halberd.
You struggle against the net.
The gnoll hits you from afar with a +0 halberd!
* * * LOW HITPOINT WARNING * * *
The gnoll barely misses you.
You struggle against the net.
The gnoll hits you from afar with a +0 halberd!
* * * LOW HITPOINT WARNING * * *
The gnoll hits you from afar with a +0 halberd!
You die...

#...# ≈ #...#
≈.######'''######
≈................
≈≈...............
♣≈≈≈≈≈≈≈)g.≈≈≈≈≈≈
♣......†g.......
♣...@.......♣
♣♣.......♣♣♣♣
♣♣♣♣.∩.♣♣ ♣♣.♣♣
♣.♣ ♣∩♣ ###


You could see 2 gnolls.

Vanquished Creatures
  2 water moccasins
  An ice beast (D:6)
  2 orc warriors
  An ogre (D:7)
  A sky beast (D:5)
  2 black bears
  4 phantoms
  Blork the orc (D:4)
  A kobold brigand (D:6)
  3 bullfrogs
  3 necrophages
  A gnoll sergeant (D:8)
  3 scorpions
  2 wights
  10 killer bees
  A howler monkey (D:4)
  5 hounds
  3 jellies
  4 orc priests
  2 orc wizards
  2 iguanas
  Robin (D:4)
  4 gnolls
  17 adders
  A shadow imp (D:5)
  2 ufetubi
  A worm (D:2)
  3 dart slugs
  39 orcs
  10 ball pythons
  6 endoplasms
  6 giant cockroaches
  12 hobgoblins
  3 quokkas
  7 bats
  6 frilled lizards
  12 goblins
  6 kobolds
  3 rats
193 creatures vanquished.

Vanquished Creatures (collateral kills)
  2 centaurs (D:8)
  A jelly (D:4)
  An adder (D:4)
  A quokka (D:4)
5 creatures vanquished.

Vanquished Creatures (others)
  An ice beast (D:6)
  A human (D:5)
  An orc priest (D:4)
  8 plants (D:5)
11 creatures vanquished.

Grand Total: 209 creatures vanquished

Notes
Turn   | Place    | Note
-------+----------+-------------------------------------------
     0 | D:1      | ragingrage the Djinni Artificer began the quest for the
                  | Orb.
     0 | D:1      | Reached XP level 1. HP: 17/17 MP: 0/0
   253 | D:1      | Reached XP level 2. HP: 22/22 MP: 0/0
   488 | D:1      | Found a faded altar of an unknown god.
   589 | D:1      | Reached skill level 2 in Fighting
   706 | D:1      | Reached XP level 3. HP: 28/28 MP: 0/0
   706 | D:1      | Learned a level 1 spell: Apportation
  1087 | D:2      | Reached XP level 4. HP: 23/34 MP: 0/0
  1843 | D:3      | Reached skill level 3 in Fighting
  2148 | D:3      | Reached XP level 5. HP: 35/40 MP: 0/0
  2148 | D:3      | Learned a level 2 spell: Static Discharge
  2435 | D:3      | You are sucked into a shaft and drop 1 floor!
  2438 | D:4      | Noticed Blork the orc
  2476 | D:4      | Killed Blork the orc
  2477 | D:4      | Reached skill level 1 in Spellcasting
  2477 | D:4      | Reached XP level 6. HP: 27/47 MP: 0/0
  2831 | D:3      | Noticed Robin
  2934 | D:4      | Noticed a black bear
  3007 | D:4      | Killed a black bear
  3008 | D:4      | Reached skill level 4 in Fighting
  3008 | D:4      | Reached skill level 5 in Evocations
  3041 | D:4      | Found an opulent altar of Gozag.
  3157 | D:4      | Reached XP level 7. HP: 29/53 MP: 0/0
  3157 | D:4      | Learned a level 3 spell: Vhi's Electric Charge
  3415 | D:4      | Reached skill level 5 in Fighting
  3919 | D:5      | Entered Level 5 of the Dungeon
  4035 | D:5      | Reached XP level 8. HP: 50/61 MP: 0/0
  4110 | D:5      | Reached skill level 6 in Fighting
  4731 | D:5      | Reached skill level 7 in Fighting
  4852 | D:5      | Reached XP level 9. HP: 66/68 MP: 0/0
  4852 | D:5      | Learned a level 3 spell: Dazzling Flash
  5137 | D:6      | Found a staircase to the Ecumenical Temple.
  5141 | Temple   | Entered the Ecumenical Temple
  5273 | D:6      | Found a runed translucent door.
  5273 | D:6      | Noticed sirJeffrey23's ghost (novice DrFE)
  5567 | D:6      | Reached skill level 5 in Spellcasting
  5685 | D:6      | Reached skill level 8 in Fighting
  6755 | D:7      | Reached skill level 1 in Stealth
  7692 | D:7      | Found Liclofiw's Weapon Shop.
  8339 | D:4      | Killed Robin
  8893 | D:8      | Reached XP level 10. HP: 62/77 MP: 0/0
  9169 | D:8      | Reached skill level 9 in Fighting
 10132 | D:9      | Found a flagged portal.
 10171 | Bailey   | Entered a bailey
 10179 | Bailey   | Reached skill level 1 in Shields
 10182 | Bailey   | Slain by a gnoll

Illustrated notes

Levels and vault maps discovered:
D:1:      lightli_arrival_windingriver, layout_loops_ring,
          chequers_ecumenical_altar_simple, feat_on_display
D:2:      layout_loops_corners, grunt_ministairs_15
D:3:      kennysheep_six_static_rooms, layout_loops_corners, uniq_robin
D:4:      layout_loops_ring, lemuel_doored_altar, uniq_blork_the_orc
D:5:      layout_rooms, marbit_many_paths, tgw_kikubaaqudgha,
          corexii_mini_fake_secret_closet, guppyfry_early_lair_pool
D:6:      minmay_general_purpose_star, layout_basic,
          minmay_temple_entry_offerings, ebering_ghost_sewer_d
D:7:      layout_gridville, serial_shops, nicolae_shop_bloodbath_and_beyond
D:8:      layout_rooms, chequers_ossuary_entry_cave, corner_web_ring,
          minivault_24, uniq_pikel
D:9:      argonaut_augean_stables, layout_basic, jmf_multi_god_temple,
          mainiacjoe_overflow_24_doors, enter_bailey_4
Temple:   ebering_untended_altars
Bailey:   bailey_polearm_gnolls_kennysheep, bailey

Skill      XL: |  1  2  3  4  5  6  7  8  9 10 |
---------------+-------------------------------+-----
Fighting       | 2 3 4 5 7 8 9 |  9.3
Evocations     | 4 5 |  5.0
Spellcasting   | 1 3 4 6 |  6.5
Stealth        | 2 3 |  3.9
Shields        | 1 |  1.0
Armour         | |  1.0
Dodging        | |  2.1

Action                   |  1- 3 |  4- 6 |  7- 9 | 10-12 || total
-------------------------+-------+-------+-------+-------++-------
Melee: Spear             |    39 |       |       |       ||    39
       Club              |    12 |       |       |       ||    12
       Trident           |    59 |    58 |       |       ||   117
       Staff             |    15 |       |       |       ||    15
       Punch             |     3 |     1 |     3 |       ||     7
       Mace              |       |    83 |   167 |    22 ||   272
       Dagger            |       |    14 |    38 |    20 ||    72
 Fire: Sling             |       |    10 |   194 |       ||   204
 Cast: Static Discharge  |       |     1 |     5 |    17 ||    23
       Dazzling Flash    |       |       |    14 |     5 ||    19
       Vhi's Electric Ch |       |       |     1 |     1 ||     2
Evoke: Wand              |       |     1 |     7 |       ||     8
  Use: Scroll            |       |       |    10 |     2 ||    12
       Potion            |       |       |       |     1 ||     1
 Stab: Sleeping          |     1 |     8 |     4 |       ||    13
       Distracted        |       |       |     1 |       ||     1
       Invisible         |       |       |     1 |       ||     1
Armor: Leather armour    |    32 |    53 |   106 |    34 ||   225
Dodge: Dodged            |    76 |   104 |   205 |    76 ||   461
Block: Buckler           |       |       |    15 |    27 ||    42

Table legend: (Time is in decaauts)
 A = Elapsed time spent in this place.
 B = Non-inter-level travel time spent in this place.
 C = Inter-level travel time spent in this place.
 D = Time resting spent in this place.
 E = Time spent auto-exploring this place.
 F = Levels seen in this place.
 G = Mean time per level.
                   A        B        C        D        E       F      G
               +--------+--------+--------+--------+--------+-----+--------+
         Total |  10415 |   9840 |    575 |   2512 |   5105 |  11 |  946.8 |
       Dungeon |  10303 |   9739 |    564 |   2512 |   5054 |   9 | 1144.8 |
        Temple |    100 |     89 |     11 |      0 |     51 |   1 |  100.0 |
        Bailey |     10 |     10 |      0 |      0 |      0 |   1 |   10.0 |
               +--------+--------+--------+--------+--------+-----+--------+

Top non-repeatable levels by time:
     D:6: 1926 daAuts
     D:4: 1477 daAuts
     D:7: 1254 daAuts
     D:5: 1236 daAuts
     D:8: 1204 daAuts
     D:3: 1136 daAuts
     D:2: 1064 daAuts
     D:1: 835 daAuts
     D:9: 167 daAuts
  Temple: 100 daAuts
  Bailey: 10 daAuts
